MLB
DETROIT TIGERS @ NEW YORK YANKEES
03/09/2099
 
TOP OF THE 1ST
Detroit Tigers batting - Pitching for New York Yankees : RHP Terry Lichtenberg
Pitching: RHP Terry Lichtenberg
Batting: RHB Donald Nohl 0-0: Fly out, F4 (Flyball, 34D, EV 95.0 MPH)
Batting: RHB Allan Alessi 0-0: Called Strike
0-1: Foul Ball, location: 3F
0-2: SINGLE (Line Drive, 89S, EV 100.6 MPH)
Batting: LHB Tim Wilson 0-0: Ball
1-0: Foul Ball, location: 7LDF
1-1: Ground out 4-3 (Groundball, 4M, EV 103.8 MPH)
Allan Alessi to second
Batting: LHB Denny Marshall 0-0: Called Strike
0-1: Swinging Strike
0-2: Foul Ball, location: 2F
0-2: Foul Ball, location: 7LSF
0-2: Foul Ball, location: 2F
0-2: Ball
1-2: Foul Ball, location: 2F
1-2: Ball
2-2: Foul Ball, location: 2F
2-2: Fly out, F6 (Popup, 6, EV 75.0 MPH)
Top of the 1st over - 0 runs, 1 hit, 0 errors, 1 left on base; Detroit 0 - New York 0
BOTTOM OF THE 1ST
New York Yankees batting - Pitching for Detroit Tigers : RHP Diego Garzon
Pitching: RHP Diego Garzon
Batting: RHB Carlos Jeronimo 0-0: Ball
1-0: Called Strike
1-1: Foul Ball, location: 9LMF
1-2: Foul Ball, location: 5DF
1-2: Ball
2-2: Foul Ball, location: 7LSF
2-2: Ball
3-2: Strikes out swinging
Batting: RHB Zach Sterling 0-0: Ball
1-0: Foul Ball, location: 9LMF
1-1: SINGLE (Line Drive, 9S, EV 93.1 MPH)
Batting: RHB Brandon Thomas 0-0: Ball
1-0: Ball
2-0: Called Strike
2-1: Ball
3-1: Fly out, F3 (Popup, 34S, EV 87.5 MPH)
Batting: LHB Jose Guevara 0-0: Ball
1-0: Ball
2-0: Foul Ball, location: 2F
2-1: Foul Ball, location: 25F
2-2: Ball
3-2: Strikes out swinging
Bottom of the 1st over - 0 runs, 1 hit, 0 errors, 1 left on base; Detroit 0 - New York 0
TOP OF THE 2ND
Detroit Tigers batting - Pitching for New York Yankees : RHP Terry Lichtenberg
Batting: LHB Philip Clark 0-0: Ground out 4-3 (Groundball, 4S, EV 92.5 MPH)
Batting: SHB Mike Knighten 0-0: Ball
1-0: Called Strike
1-1: Called Strike
1-2: Strikes out looking
Batting: LHB Jose Camacho 0-0: Ball
1-0: Ball
2-0: Called Strike
2-1: Ball
3-1: Swinging Strike
3-2: Foul Ball, location: 5SF
3-2: Foul Ball, location: 7LMF
3-2: Base on Balls
Batting: RHB Carlos Fraire 0-0: Ball
1-0: Called Strike
1-1: Ball
2-1: Foul Ball, location: 25FF
2-2: Strikes out swinging
Top of the 2nd over - 0 runs, 0 hits, 0 errors, 1 left on base; Detroit 0 - New York 0
BOTTOM OF THE 2ND
New York Yankees batting - Pitching for Detroit Tigers : RHP Diego Garzon
Batting: SHB Seth Hardenbrook 0-0: Called Strike
0-1: Foul Ball, location: 3DF
0-2: Foul Ball, location: 2F
0-2: Strikes out swinging
Batting: LHB Ryan McCullough 0-0: Called Strike
0-1: Ball
1-1: Foul Ball, location: 25F
1-2: Ball
2-2: SOLO HOME RUN (Line Drive, 78XD, EV 113.8 MPH), Distance : 459 ft
Batting: RHB Aaron Comeaux 0-0: Foul Ball, location: 5DF
0-1: Ball
1-1: Foul Ball, location: 9LDF
1-2: Ground out 5-3 (Groundball, 56, EV 91.9 MPH)
Batting: RHB Jeff Gerdom 0-0: SOLO HOME RUN (Flyball, 7LD, EV 100.0 MPH), Distance : 376 ft
Batting: SHB Chris Clark 0-0: Called Strike
0-1: Foul Ball, location: 5FF
0-2: Strikes out swinging
Bottom of the 2nd over - 2 runs, 2 hits, 0 errors, 0 left on base; Detroit 0 - New York 2
TOP OF THE 3RD
Detroit Tigers batting - Pitching for New York Yankees : RHP Terry Lichtenberg
Batting: RHB Jake Henson 0-0: Swinging Strike
0-1: SINGLE (Line Drive, 89M, EV 106.9 MPH)
Batting: RHB Donald Nohl 0-0: Ball
1-0: Swinging Strike
1-1: Foul Ball, location: 2F
1-2: Strikes out looking
Batting: RHB Allan Alessi 0-0: Ball
Jake Henson is caught stealing 2nd base 2-4
1-0: Ball
2-0: Called Strike
2-1: Fly out, F1 (Line Drive, P, EV 69.4 MPH)
Top of the 3rd over - 0 runs, 1 hit, 0 errors, 0 left on base; Detroit 0 - New York 2
BOTTOM OF THE 3RD
New York Yankees batting - Pitching for Detroit Tigers : RHP Diego Garzon
Batting: RHB Carlos Jeronimo 0-0: Ball
1-0: Called Strike
1-1: Foul Ball, location: 7LSF
1-2: Strikes out swinging
Batting: RHB Zach Sterling 0-0: Ball
1-0: Ball
2-0: Foul Ball, location: 2F
2-1: DOUBLE (Flyball, 8LXD, EV 91.9 MPH)
Batting: RHB Brandon Thomas 0-0: Fly out, F8 (Flyball, 8LD, EV 96.3 MPH)
Batting: LHB Jose Guevara 0-0: Ball
1-0: Ball
2-0: Ball
3-0: Called Strike
3-1: Foul Ball, location: 3FF
3-2: Base on Balls
Batting: SHB Seth Hardenbrook 0-0: Called Strike
0-1: Ball
1-1: Foul Ball, location: 7LMF
1-2: Ball
2-2: Strikes out swinging
Bottom of the 3rd over - 0 runs, 1 hit, 0 errors, 2 left on base; Detroit 0 - New York 2
TOP OF THE 4TH
Detroit Tigers batting - Pitching for New York Yankees : RHP Terry Lichtenberg
Batting: LHB Tim Wilson 0-0: Foul Ball, location: 25F
0-1: Ground out 6-3 (Groundball, 6, EV 88.1 MPH)
Batting: LHB Denny Marshall 0-0: Called Strike
0-1: Swinging Strike
0-2: Ball
1-2: Foul Ball, location: 5SF
1-2: Ball
2-2: Ball
3-2: Strikes out swinging
Batting: LHB Philip Clark 0-0: Ground out 5-3 (Groundball, 56, EV 106.9 MPH)
Top of the 4th over - 0 runs, 0 hits, 0 errors, 0 left on base; Detroit 0 - New York 2
BOTTOM OF THE 4TH
New York Yankees batting - Pitching for Detroit Tigers : RHP Diego Garzon
Pitching: RHP John Griffith
Batting: LHB Ryan McCullough 0-0: Ball
1-0: Called Strike
1-1: Foul Ball, location: 2F
1-2: Foul Ball, location: 2F
1-2: Ball
2-2: Foul Ball, location: 25F
2-2: Strikes out swinging
Batting: RHB Aaron Comeaux 0-0: Ball
1-0: Swinging Strike
1-1: Ball
2-1: Foul Ball, location: 2RF
2-2: Ball
3-2: Base on Balls
Batting: RHB Jeff Gerdom 0-0: Grounds into double play, 5-4-3 (Groundball, 56S, EV 88.1 MPH)
Bottom of the 4th over - 0 runs, 0 hits, 0 errors, 0 left on base; Detroit 0 - New York 2
TOP OF THE 5TH
Detroit Tigers batting - Pitching for New York Yankees : RHP Terry Lichtenberg
Now at 1B: Matt Foulds
Now at 2B: Jesus Canales
Now at 3B: Cedric Tracy
Now at SS: Chris Clark
Batting: SHB Mike Knighten 0-0: Called Strike
0-1: SINGLE (Groundball, 4MD, EV 100.6 MPH)
Batting: LHB Jose Camacho 0-0: Ball
1-0: Ball
2-0: Foul Ball, location: 7LSF
2-1: Foul Ball, location: 9LSF
2-2: Ball
3-2: Fielders Choice at 2nd, 4-6 (Groundball, 4MD, EV 108.8 MPH)
Batting: RHB Carlos Fraire 0-0: Foul Ball, location: 9LSF
0-1: SINGLE (Groundball, 25, EV 70.6 MPH) (infield hit)
Jose Camacho to second
Batting: RHB Jake Henson 0-0: Swinging Strike
0-1: Ball
1-1: Fly out, F7 (Flyball, 7LM, EV 91.9 MPH)
Batting: RHB Donald Nohl 0-0: Ball
1-0: Ball
2-0: Ball
3-0: Called Strike
3-1: SINGLE (Groundball, 6MD, EV 105.6 MPH)
Jose Camacho to third
Carlos Fraire to second
Runner from 3rd tries for Home, throw by CF and OUT! 8-2
Top of the 5th over - 0 runs, 3 hits, 0 errors, 2 left on base; Detroit 0 - New York 2
BOTTOM OF THE 5TH
New York Yankees batting - Pitching for Detroit Tigers : RHP John Griffith
Pitching: RHP Justin Grogan
Now at C: Ray Gold
Now at SS: Chris Johnson
Now in LF: Justin Kenworthy
Batting: SHB Chris Clark 0-0: Fly out, F8 (Flyball, 8LXD, EV 105.0 MPH)
Pinch Hitting: LHB Bobby Brown 0-0: Foul Ball, location: 2F
0-1: Ball
1-1: Ball
2-1: Foul Ball, location: 3F
2-2: Fly out, F5 (Popup, 56S, EV 66.9 MPH)
Pinch Hitting: LHB Ricky Delgado 0-0: Foul Ball, location: 5FF
0-1: Foul Ball, location: 2F
0-2: Ball
1-2: Strikes out swinging
Bottom of the 5th over - 0 runs, 0 hits, 0 errors, 0 left on base; Detroit 0 - New York 2
TOP OF THE 6TH
Detroit Tigers batting - Pitching for New York Yankees : RHP Terry Lichtenberg
Pitching: RHP Luis Ramos
Now in LF: David Adler
Now in CF: Bobby Brown
Now in RF: Ryan McCullough
Batting: RHB Ray Gold 0-0: Ball
1-0: Reached on error, E5 (Groundball, 5S, EV 84.4 MPH)
Pinch Hitting: LHB John Castaneda 0-0: Called Strike
0-1: Foul Ball, location: 3F
0-2: Ball
1-2: Fielders Choice at 2nd, 2-4 (Groundball, 15S, EV 66.9 MPH)
Batting: LHB Justin Kenworthy 0-0: Called Strike
John Castaneda steals 2nd base
0-1: Foul Ball, location: 5F
0-2: Ball
1-2: Ball
2-2: Fly out, F8 (Flyball, 8RXD, EV 93.8 MPH)
Runner from 2nd tags up, SAFE at 3rd, no throw by CF
Pinch Hitting: RHB Francisco Salto 0-0: Ball
1-0: SINGLE (Line Drive, 7LS, EV 95.6 MPH)
John Castaneda scores
Pinch Hitting: RHB Oscar Torres 0-0: Ball
1-0: Swinging Strike
1-1: Ball
2-1: SINGLE (Line Drive, 8LS, EV 85.6 MPH)
Francisco Salto to second
Runner from 2nd tries for 3rd, SAFE, no throw by CF
Batting: RHB Steve Selmon 0-0: Ball
1-0: Ball
2-0: Ball
3-0: Swinging Strike
3-1: Foul Ball, location: 5SF
3-2: Ground out 1-3 (Groundball, 15S, EV 70.6 MPH)
Top of the 6th over - 1 run, 2 hits, 1 error, 2 left on base; Detroit 1 - New York 2
BOTTOM OF THE 6TH
New York Yankees batting - Pitching for Detroit Tigers : RHP Justin Grogan
Pitching: RHP Raul Mendoza
Now at 1B: Oscar Torres
Now at 2B: John Castaneda
Now at 3B: Donald Nohl
Now in CF: Jason Schneider
Now in RF: Francisco Salto
Batting: SHB Ethan Gavin 0-0: Called Strike
0-1: Ball
1-1: Ball
2-1: SINGLE (Groundball, 6MD, EV 103.8 MPH)
Batting: RHB Cedric Tracy 0-0: Ball
1-0: Called Strike
1-1: Called Strike
1-2: Grounds into double play, 6-4-3 (Groundball, 6, EV 100.0 MPH)
Batting: RHB Matt Foulds 0-0: Ball
1-0: Ball
2-0: Foul Ball, location: 2F
2-1: Ground out 4-3 (Groundball, 4MD, EV 98.8 MPH)
Bottom of the 6th over - 0 runs, 1 hit, 0 errors, 0 left on base; Detroit 1 - New York 2
TOP OF THE 7TH
Detroit Tigers batting - Pitching for New York Yankees : RHP Luis Ramos
Pitching: RHP Curt Browning
Batting: LHB Chris Johnson 0-0: Called Strike
0-1: Foul Ball, location: 3FF
0-2: Ball
1-2: Ball
2-2: Strikes out swinging, 2-3 out at first.
Batting: LHB Jason Schneider 0-0: Ball
1-0: Ball
2-0: Ball
3-0: Base on Balls
Pinch Hitting: LHB Nick Penix 0-0: Called Strike
Jason Schneider steals 2nd base
0-1: Ball
1-1: Foul Ball, location: 3SF
1-2: Ball
2-2: Foul Ball, location: 2F
2-2: Strikes out swinging
Batting: RHB Ray Gold 0-0: Ball
1-0: Fly out, F3 (Popup, 3SF, EV 76.3 MPH)
Top of the 7th over - 0 runs, 0 hits, 0 errors, 1 left on base; Detroit 1 - New York 2
BOTTOM OF THE 7TH
New York Yankees batting - Pitching for Detroit Tigers : RHP Raul Mendoza
Pitching: LHP Bryan Curry
Now at 3B: Nick Penix
Batting: LHB Ryan McCullough 0-0: Swinging Strike
0-1: Ball
1-1: Foul Ball, location: 2F
1-2: Ball
2-2: Strikes out swinging
Batting: LHB Jesus Canales 0-0: Ball
1-0: Ball
2-0: Ball
3-0: Called Strike
3-1: Swinging Strike
3-2: Foul Ball, location: 25F
3-2: Fly out, F2 (Popup, 13S, EV 81.3 MPH)
Batting: RHB Jeff Gerdom 0-0: Called Strike
0-1: Fly out, F9 (Flyball, 9LS, EV 80.6 MPH)
Bottom of the 7th over - 0 runs, 0 hits, 0 errors, 0 left on base; Detroit 1 - New York 2
TOP OF THE 8TH
Detroit Tigers batting - Pitching for New York Yankees : RHP Curt Browning
Pitching: RHP Matt Zmuda
Batting: LHB John Castaneda 0-0: Ground out 4-3 (Groundball, 4, EV 100.0 MPH)
Batting: LHB Justin Kenworthy 0-0: Swinging Strike
0-1: Ball
1-1: Ball
2-1: Ball
3-1: Foul Ball, location: 7LSFF
3-2: Strikes out swinging
Batting: RHB Francisco Salto 0-0: Called Strike
0-1: Swinging Strike
0-2: Strikes out swinging
Top of the 8th over - 0 runs, 0 hits, 0 errors, 0 left on base; Detroit 1 - New York 2
BOTTOM OF THE 8TH
New York Yankees batting - Pitching for Detroit Tigers : LHP Bryan Curry
Pitching: RHP Marcus Collins
Pinch Hitting: LHB Aaron Bruckerhoff 0-0: Ball
1-0: Called Strike
1-1: Foul Ball, location: 3F
1-2: Foul Ball, location: 2F
1-2: Ball
2-2: Ball
3-2: Strikes out swinging
Batting: LHB Bobby Brown 0-0: Foul Ball, location: 5F
0-1: Ball
1-1: Fly out, F8 (Flyball, 8RXD, EV 101.9 MPH)
Batting: LHB David Adler 0-0: Ball
1-0: Fly out, F7 (Flyball, 78S, EV 80.0 MPH)
Bottom of the 8th over - 0 runs, 0 hits, 0 errors, 0 left on base; Detroit 1 - New York 2
TOP OF THE 9TH
Detroit Tigers batting - Pitching for New York Yankees : RHP Matt Zmuda
Pitching: RHP Jeff Hannold
Now at 2B: Aaron Bruckerhoff
Now at SS: Jesus Canales
Batting: RHB Oscar Torres 0-0: Ball
1-0: Called Strike
1-1: Foul Ball, location: 23F
1-2: Strikes out swinging
Batting: RHB Steve Selmon 0-0: Ball
1-0: Ground out 4-3 (Groundball, 4MS, EV 88.8 MPH)
Batting: LHB Chris Johnson 0-0: Ball
1-0: Called Strike
1-1: Ball
2-1: Swinging Strike
2-2: Ball
3-2: Fly out, F9 (Line Drive, 9, EV 98.8 MPH)
Top of the 9th over - 0 runs, 0 hits, 0 errors, 0 left on base; Detroit 1 - New York 2
Tuesday, April 30th , 2024 - OOTP Baseball 24.11 Build 85